 Dungeon Crawl Stone Soup version 0.24-a0-762-gca426f56c8 (webtiles) character file.

Game seed: 5865812454172777989, levelgen mode: deterministic

67 Arixos the Scratcher (level 3, -8/16 HPs)
             Began as a Felid Transmuter on Oct 3, 2019.
             Killed by divine providence
             ... invoked by an orc priest
              (15 damage)
             ... on level 5 of the Dungeon.
             The game lasted 00:07:34 (2503 turns).

Arixos the Scratcher (Felid Transmuter)             Turns: 2503, Time: 00:07:40

Health: -8/16      AC:  1    Str:  7    XL:     3   Next: 98%
Magic:  7/7        EV: 18    Int: 14    God:
Gold:   134        SH:  0    Dex: 16    Spells: 5/6 levels left
                                        Lives:  0   Deaths: 0

rFire    . . .     SeeInvis +     - Unarmed
rCold    . . .     Gourm    .   (shield unavailable)
rNeg     . . .     Faith    .   (armour unavailable)
rPois    .         Spirit   .   (helmet unavailable)
rElec    .         Reflect  .   (cloak unavailable)
rCorr    .         Harm     .   (gloves unavailable)
MR       .....                  (boots unavailable)
Stlth    ++........             (no amulet)
HPRegen  0.05/turn              (no ring)
MPRegen  0.10/turn              (no ring)

@: quick
A: very small, no armour, no weapons or thrown items, stealth, claws 1, fangs 3,
see invisible, carnivore, speed 1, shaggy fur 1, slow metabolism 1, sharp paws
a: no special abilities


You were on level 5 of the Dungeon.
You were very full.

You visited 1 branch of the dungeon, and saw 5 of its levels.

You collected 134 gold pieces.

Inventory:

Missiles
 a - 12 arrows
Jewellery
 b - an uncursed ring of stealth {unknown}
Scrolls
 d - a scroll of magic mapping {unknown}
 e - a scroll of immolation {unknown}
 g - a scroll of noise {unknown}
 i - a scroll of teleportation {unknown}
 j - a scroll of blinking {unknown}
 k - a scroll of random uselessness {unknown}
 q - 2 scrolls of enchant weapon {unknown}
Potions
 f - 2 potions of heal wounds {unknown}
 h - a potion of agility {unknown}
 m - 2 potions of lignification {unknown}
 n - a potion of might {unknown}
 o - 2 potions of ambrosia {unknown}
 p - a potion of invisibility {unknown}
Comestibles
 c - 7 rations
 l - a chunk of flesh


   Skills:
 + Level 1.8 Fighting
 + Level 3.3 Dodging
 + Level 1.8 Stealth
 + Level 3.4 Unarmed Combat
 + Level 2.4 Spellcasting
 + Level 2.6 Transmutations


You had 5 spell levels left.
You knew the following spells:

 Your Spells              Type           Power        Failure   Level  Hunger
a - Beastly Appendage     Tmut           #.....       8%          1    #......

Your spell library contained the following spells:

 Spells                   Type           Power        Failure   Level  Hunger
 Sticks to Snakes         Tmut           #.......     12%         2    ###....
 Spider Form              Tmut/Pois      #.........   36%         3    ###....
 Ice Form                 Ice/Tmut       #.......     78%         4    #####..
 Blade Hands              Tmut           #.........   91%         5    ######.


Dungeon Overview and Level Annotations

Branches:
Dungeon (5/15)
 Temple: D:4-7

Altars:

Annotations:
D:3 Grinder


Innate Abilities, Weirdness & Mutations

You cannot wear armour.
You are incapable of wielding weapons or throwing items.
Your paws allow you to move quietly. (Stealth)
You have sharp claws.
You have razor-sharp teeth.
You have supernaturally acute eyesight. (SInv)
You are carnivorous and can eat meat at any time.
You cover ground quickly.
You are covered in fur. (AC +1)
You have a slow metabolism.
Your sharp claws are effective at attacking unaware monsters.


Message History

The orc shouts!
The frilled lizard hisses angrily.
Found 20 stones and 16 gold pieces.
Found an escape hatch in the floor.
There is an escape hatch in the floor here.
You slide downwards.
The hatch slams shut behind you. 2 orcs and an orc priest come into view.
Your horns disappear.
You pounce on the unaware helpless orc!
You claw the orc!
You kill the orc!
The helpless orc fails to defend itself.
You claw the orc!
You kill the orc!
An orc comes into view. It is wielding a +0 hand axe.
You see here a +0 short sword.
You pounce on the unaware helpless orc priest!
You claw the orc priest!
The orc priest is heavily wounded.
The orc priest calls down the wrath of Beogh upon you.
Beogh smites you!
Ouch! That really hurt!
You die...

### ..# #
##.##.#
....
####)#####
#.@......#
#o##.###.#
#o #.# #.
#.# #. #.#
#. #.# #.
... ## ..#


You could see an orc priest and an orc (sleeping).

Vanquished Creatures
  2 adders (D:2)
  An ooze (D:1)
  A dart slug (D:1)
  2 leopard geckos
  3 orcs
  5 bats
  2 giant cockroaches (D:1)
  A hobgoblin (D:1)
  8 goblins
  6 kobolds
  7 rats
38 creatures vanquished.

Notes
Turn   | Place    | Note
-------+----------+-------------------------------------------
     0 | D:1      | Arixos the Felid Transmuter began the quest for the Orb.
     0 | D:1      | Reached XP level 1. HP: 9/9 MP: 4/4
   628 | D:2      | Reached skill level 1 in Stealth
   628 | D:2      | Reached XP level 2. HP: 12/12 MP: 6/6
   982 | D:1      | Reached XP level 3. HP: 11/15 MP: 5/7
  2199 | D:3      | Noticed Grinder
  2494 | D:3      | You fall into a shaft and drop 1 floor!
  2498 | D:5      | Entered Level 5 of the Dungeon
  2503 | D:5      | Killed from afar by an orc priest

Levels and vault maps discovered:
D:1:      dpeg_arrival_refuge, layout_basic
D:2:      layout_loops_cross, minmay_heptomino_d4
D:3:      layout_basic, ebering_ghost_rock_garden, kennysheep_generic_room_16,
          uniq_ijyb, uniq_grinder
D:4:      layout_rooms, first_ration
D:5:      layout_loops_corners, kennysheep_little_box

Skill      XL: |  1  2 |
---------------+-------+-----
Stealth        | 1 |  1.8
Dodging        | 3 |  3.3
Fighting       | |  1.8
Unarmed Combat | |  3.4
Spellcasting   | |  2.4
Transmutations | |  2.6

Action                   || total
-------------------------++-------
Melee: Unarmed           ||    83
       Headbutt          ||    10
       Punch             ||     2
       Bite              ||     1
 Cast: Beastly Appendage ||    19
 Stab: Sleeping          ||    14
  Eat: Chunk             ||    10
Armor: Skin              ||     6
Dodge: Dodged            ||    61

Table legend:
 A = Non-vault XP
 B = Vault XP
 C = Vault XP percentage of total XP
 D = Non-vault monster count
 E = Vault monster count
 F = Vault count percentage of total count
                 A         B        C        D         E       F
            +---------+---------+-------+---------+---------+-------
      Total |      88 |       8 |   8.3 |      34 |       4 |  10.5
            +---------+---------+-------+---------+---------+-------
        D:1 |      39 |       0 |   0.0 |      19 |       0 |   0.0
        D:2 |      35 |       8 |  18.6 |       8 |       4 |  33.3
        D:3 |       8 |       0 |   0.0 |       5 |       0 |   0.0
        D:5 |       6 |       0 |   0.0 |       2 |       0 |   0.0
            +---------+---------+-------+---------+---------+-------
